 Dungeon Crawl Stone Soup version 0.29.1-1-gd02db6906a (webtiles) character file.

Game seed: 11770454054619573368

263012 Inkqbe the Acrobat (level 19, -34/98 HPs)
             Began as a Felid Summoner on Oct 12, 2022.
             Was an Elder of Jiyva.
             Killed from afar by Vv (40 damage)
             ... by creeping frost
             ... on level 1 of the Depths on Oct 15, 2022.
             The game lasted 07:19:39 (107295 turns).

Inkqbe the Acrobat (Felid Summoner)               Turns: 107295, Time: 07:19:40

Health: -34/98     AC: 24    Str:  2    XL:     19   Next: 24%
Magic:  39/39      EV: 39    Int: 44    God:    Jiyva [****..]
Gold:   80         SH:  0    Dex: 13    Spells: 1/42 levels left
                                        Lives:  0   Deaths: 6

rFire   + . .      SeeInvis +     - Unarmed
rCold   + . .      Faith    .   (shield unavailable)
rNeg    . . .      Spirit   .   (body armour unavailable)
rPois   ∞          Reflect  .   (helmet unavailable)
rElec   +          Harm     .   (cloak unavailable)
rCorr   +          Rampage  .   (gloves unavailable)
Will    ++...                   (boots unavailable)
Stlth   ++........              T - amulet "Fiucloij" {RegenMP rC+}
HPRegen 1.54/turn               y - +6 ring of intelligence
MPRegen 1.06/turn               U - ring of Lesser Demons {rF+ AC+4 Int+5 Dex-4}

@: storm-form, frozen, flying, very slow
A: cleaving, insubstantial, flying, very small, (claws 1), (fangs 3), see
invisible, (speed 1), (shaggy fur 3), (stealthy paws), no weapons or thrown
items, no armour, multi-lived, clever 2, high MP 1, (engulf)
}: 2/15 runes: decaying, serpentine
a: Blinkbolt, End Transformation, Renounce Religion, Oozemancy, Slimify


You were on level 1 of the Depths.
You worshipped Jiyva.
Jiyva was greatly pleased with you.
You were a lightning-filled tempest!
You visited 12 branches of the dungeon, and saw 49 of its levels.
You visited the Abyss 1 time.
You also visited: Wizlab.

You collected 20051 gold pieces.
You spent 9376 gold pieces at shops.
You paid 10595 gold pieces to Gozag.

Inventory:

Jewellery
 t - a +6 ring of intelligence
 y - a +6 ring of intelligence (left paw)
 z - a ring of protection from fire
 D - the amulet of Eternal Night {RegenMP Will+}
   (You bought it in a shop on level 3 of the Elven Halls)

   [amulet of magic regeneration]

   It increases your rate of magic regeneration.
   Will:      It increases your willpower.
 G - the ring "Podo" {rElec rN+ Will+ Int+4}
   (You took it off a skeletal warrior on level 3 of the Crypt)

   [ring of positive energy]

   Int:       It affects your intelligence (+4).
   rElec:     It insulates you from electricity.
   rN:        It protects you from negative energy.
   Will:      It increases your willpower.
 N - the amulet of the Sybil {rN+ Regen+ Stlth+}
   (You found it on level 12 of the Dungeon)

   [amulet of regeneration]

   rN:        It protects you from negative energy.
   Regen:     It increases your rate of health regeneration.
   Stlth:     It makes you more stealthy.
 T - the amulet "Fiucloij" (around neck) {RegenMP rC+}
   (You bought it in a shop on level 3 of the Elven Halls)

   [amulet of magic regeneration]

   It increases your rate of magic regeneration.
   rC:        It protects you from cold.
 U - the ring of Lesser Demons (right paw) {rF+ AC+4 Int+5 Dex-4}
   (You bought it in a shop on level 3 of the Elven Halls)

   [ring of protection]

   AC:        It affects your AC (+4).
   Int:       It affects your intelligence (+5).
   Dex:       It affects your dexterity (-4).
   rF:        It protects you from fire.
Wands
 n - a wand of iceblast (26)
 r - a wand of paralysis (24)
 s - a wand of flame (81)
 u - a wand of light (25)
 A - a wand of digging (11)
 F - a wand of polymorph (10)
 P - a wand of mindburst (19)
Scrolls
 h - 8 scrolls of vulnerability
 j - 5 scrolls of fog
 m - 14 scrolls of teleportation
 p - 10 scrolls of immolation
 v - 6 scrolls of noise
 B - a scroll of summoning
 E - 2 scrolls of torment
 L - 4 scrolls of silence
 Q - 3 scrolls of magic mapping
 W - 5 scrolls of amnesia
Potions
 a - 2 potions of ambrosia
 b - 6 potions of invisibility
 c - 7 potions of lignification
 d - 7 potions of brilliance
 e - 12 potions of curing
 f - 6 potions of flight
 i - 9 potions of haste
 k - 9 potions of attraction
 q - 9 potions of mutation
 w - 8 potions of resistance
 x - 4 potions of might
 C - a potion of berserk rage
 O - 6 potions of cancellation
 S - 4 potions of magic
Miscellaneous
 g - a condenser vane
 l - a phantom mirror (inert)
 I - a box of beasts
 K - a tin of tremorstones (2/2)
 M - a phial of floods


   Skills:
 + Level 18.5 Fighting
 - Level 21.0 Dodging
 - Level 2.6 Stealth
 + Level 18.5 Unarmed Combat
 - Level 12.4 Spellcasting
 - Level 15.8 Summonings
 - Level 17.2 Translocations
 + Level 16.4 Transmutations
 + Level 16.3 Air Magic


You had one spell level left.
You knew the following spells:

 Your Spells              Type           Power      Damage    Failure   Level
a - Storm Form            Tmut/Air       53%        N/A       1%          7
b - Summon Cactus Giant   Summ           52%        N/A       1%          6
c - Monstrous Menagerie   Summ           52%        N/A       1%          7
d - Silence               Hex/Air        39%        N/A       1%          5
e - Summon Lightning Spi  Summ/Air       100%       N/A       0%          4
f - Manifold Assault      Tloc           100%       N/A       1%          5
g - Swiftness             Air            100%       N/A       0%          3
h - Blink                 Tloc           100%       N/A       0%          2
i - Wereblood             Tmut           100%       N/A       0%          2

Your spell library contained the following spells:

 Spells                   Type           Power      Damage    Failure   Level
 Apportation              Tloc           100%       N/A       0%          1
 Beastly Appendage        Tmut           100%       N/A       0%          1
 Summon Small Mammal      Summ           100%       N/A       0%          1
 Magic Dart               Conj           100%       1d8       1%          1
 Necrotise                Necr           100%       1d9       1%          1
 Sandblast                Erth           54%        2d13      1%          1
 Shock                    Conj/Air       100%       1d9       1%          1
 Slow                     Hex            100%       N/A       1%          1
 Sting                    Tmut/Pois      100%       1d8       1%          1
 Call Imp                 Summ           100%       N/A       0%          2
 Call Canine Familiar     Summ           100%       N/A       0%          3
 Lesser Beckoning         Tloc           100%       N/A       0%          3
 Passage of Golubria      Tloc           100%       N/A       0%          4
 Ensorcelled Hibernation  Hex/Ice        54%        N/A       1%          2
 Passwall                 Tmut/Erth      65%        N/A       1%          2
 Poisonous Vapours        Pois/Air       100%       N/A       1%          2
 Scorch                   Fire           54%        2d8       1%          2
 Static Discharge         Conj/Air       78%        3-13/arc  1%          2
 Sublimation of Blood     Necr           27%        N/A       1%          2
 Ignite Poison            Fire/Tmut/Pois 66%        N/A       1%          3
 Mephitic Cloud           Conj/Pois/Air  66%        N/A       1%          3
 Spider Form              Tmut/Pois      79%        N/A       1%          3
 Summon Guardian Golem    Hex/Summ       77%        N/A       1%          3
 Corpse Rot               Necr/Pois/Air  66%        N/A       1%          4
 Petrify                  Tmut/Erth      79%        N/A       1%          4
 Summon Ice Beast         Ice/Summ       77%        N/A       1%          4
 Alistair's Intoxication  Tmut/Pois      52%        N/A       1%          5
 Blade Hands              Tmut           53%        N/A       1%          5
 Irradiate                Conj/Tmut      39%        3d24      1%          5
 Summon Mana Viper        Hex/Summ       77%        N/A       1%          5
 Yara's Violent Unravell  Hex/Tmut       39%        3d16      1%          5
 Confusing Touch          Hex            27%        N/A       3%          3
 Conjure Flame            Conj/Fire      27%        6-21      3%          3
 Dazzling Flash           Conj/Hex       54%        N/A       3%          3
 Tukima's Dance           Hex            27%        N/A       3%          3
 Vampiric Draining        Necr           27%        2d7       3%          3
 Freezing Cloud           Conj/Ice/Air   33%        6-21      3%          5
 Conjure Ball Lightning   Conj/Air       39%        3x3d13    5%          6
 Statue Form              Tmut/Erth      52%        N/A       5%          6
 Maxwell's Capacitive Co  Air            53%        ∞         9%          8
 Dispel Undead            Necr           27%        3d13      11%         4
 Flame Wave               Conj/Fire      27%        2d9       11%         4
 Fulminant Prism          Conj/Hex       13%        3d9       11%         4
 Hailstorm                Conj/Ice       27%        3d7       11%         4
 Leda's Liquefaction      Hex/Erth       13%        N/A       11%         4
 Olgreb's Toxic Radiance  Pois           27%        N/A       11%         4
 Sticky Flame             Conj/Fire      27%        2d5       11%         4
 Agony                    Necr           27%        N/A       28%         5
 Fireball                 Conj/Fire      13%        3d7       28%         5
 Iskenderun's Battlesphe  Conj           27%        2d8       28%         5
 Lee's Rapid Deconstruct  Erth           13%        3d10*     28%         5
 Metabolic Englaciation   Hex/Ice        13%        N/A       28%         5
 Spellforged Servitor     Conj/Summ      38%        N/A       34%         7
 Death Channel            Necr           13%        N/A       85%         6
 Simulacrum               Ice/Necr       13%        N/A       85%         6
 Orb of Destruction       Conj           13%        9d7       100%        7
 Discord                  Hex            13%        N/A       100%        8
 Lehudib's Crystal Spear  Conj/Erth      13%        10d5      100%        8
 Polar Vortex             Ice            13%        N/A       100%        9
 Shatter                  Erth           13%        3d14*     100%        9


Dungeon Overview and Level Annotations

Branches:
Dungeon (15/15)            Temple (1/1) D:4            Lair (5/5) D:10
  Swamp (4/4) Lair:3        Snake (4/4) Lair:2        Slime (5/5) Lair:5
    Orc (2/2) D:9             Elf (3/3) Orc:2        Vaults (4/5) D:14
  Crypt (3/3) Vaults:2       Tomb (1/3) Crypt:3      Depths (2/4) D:15
 WizLab (visited)

Altars:
Ashenzari
Cheibriados
Dithmenos
Elyvilon
Fedhas
Gozag
Hepliaklqana
Kikubaaqudgha
Makhleb
Nemelex Xobeh
Okawaru
Qazlal
Ru
Sif Muna
Trog
Uskayaw
Vehumet
Wu Jian
Xom
Yredelemnul
Zin
The Shining One
Jiyva

Shops:
D:7 =   D:10 *[?[[   D:15 [!(:   Orc:1 *   Orc:2 [:**=   Elf:1 (   Elf:2 [
Elf:3 (===:   Lair:1 =   Lair:2 ?   Lair:5 ?   Snake:2 :   Vaults:3 !

Portals:
Hell: Depths:1 Depths:2
Abyss: Depths:1
Pandemonium: Depths:2
Trove: D:10 (show slimy rune of Zot)

Annotations:
D:9 Erolcha
Snake:3 1 runed translucent door, Vashnia
Slime:5 Royal Jelly
Elf:3 exclusion: orange crystal statue
Depths:1 36 runed doors, Vv
Depths:2 Asterion


Innate Abilities, Weirdness & Mutations

You are a lightning-filled tempest!
Your electrical attacks strike out in all directions at once.
You are incredibly evasive.
Your insubstantial body is immune to petrification, constriction, and being set on fire You are flying.
You are immune to poison.
((You have sharp claws.))
((You have razor-sharp teeth.))
You have supernaturally acute eyesight. (SInv)
((You cover ground quickly. (Speed+)))
((Your thick and shaggy fur keeps you warm. (AC +3, rC+)))
((Your paws help you pounce on unaware monsters.))
You are incapable of wielding weapons or throwing items.
You cannot wear armour.
You gain extra lives every three experience levels.
Your mind is very acute. (Int +8, Str/Dex -2)
You have an increased reservoir of magic. (+10% MP)
((Your melee attacks may engulf your foes in ooze.))


Message History

You are now level 19!
Your transformation has ended.
You rejoin the land of the living...
You hear a distant slurping noise.
There is an open door here.
Casting: Summon Cactus Giant (dangerous; 1% risk of failure)
Confirm with . or Enter, or press ? or * to list all spells.
You turn into a lightning-filled tempest!
Vv calls freezing cold from the walls.
The frost grips you! You partially resist.
You are encased in ice.
The frost grips the jelly!!!
The jelly dies!
Vv closely misses you. Vv misses you.
You batter Vv!!
Vv is severely damaged.
Vv completely misses you. Vv barely misses you.
You buffet Vv!
Vv is severely damaged.
Vv calls freezing cold from the walls.
The frost grips you!! You partially resist.
You hit Vv but do no damage.
Vv is severely damaged.
You barely miss Vv.
Vv is severely damaged.
The ice encasing you melts away. Vv completely misses you. Vv hits you.
You are engulfed in flames!
You resist.
You batter Vv!! You punch Vv, but do no damage.
Vv is severely damaged.
Vv calls freezing cold from the walls.
The frost grips you!!! You partially resist.
* * * LOW HITPOINT WARNING * * *
You are encased in ice.
Okay, then.
Okay, then.
As you read the scroll of summoning, it crumbles to dust.
Wisps of shadow whirl around you...
Vv calls freezing cold from the walls.
The frost grips you!!! You partially resist.
You die...

#9##.##...+ +...# #...
.§........+ +...# #...
####'##...+ +...# #...
..........+ +...# #...
..........+ +...# #.##
..........++++++++++u..#
#.#~
........J.....G..Cu..u.#
#.#~
................u......#
#.#~
....^..J.......9vuu....#
#.#~
'.............###.######
#.## #.............# #.#
#... #########'##..# #.#
#... #.........#'####.#
#### #.####....'......#
#... ######....######.#
#... ## ##......# #.#
#... .###.......# #.#
#...


You could see Vv (ally target), 2 friendly very ugly things, a friendly stone
giant (summoned), 4 friendly ugly things and a friendly glowing orange brain
(summoned).

Vanquished Creatures
  Mara (Depths:2)
  A bone dragon (Crypt:3)
  A lich (Depths:2)
  A quicksilver dragon (WizLab)
  A deep elf blademaster (Elf:3)
  2 deep elf master archers (Elf:3)
  6 sphinxes
  6 ancient champions
  A tentacled starspawn (Abyss:2)
  A tengu reaver (Vaults:1)
  A storm dragon (Depths:2)
  A revenant (Crypt:3)
  3 nagarajas
  A fire giant (Vaults:3)
  4 deep elf sorcerers
  An orc warlord (Vaults:4)
  A draconian knight (WizLab)
  3 vault wardens
  2 ghouls
  A caustic shrike zombie (Crypt:2)
  8 ironbound preservers
  A curse skull (Crypt:2)
  A war gargoyle (Vaults:2)
  A stone giant (Depths:1)
  2 vampire knights
  2 eleionomae (Swamp:4)
  3 deep elf demonologists (Elf:3)
  5 very ugly things
  6 ironbound thunderhulks
  An entropy weaver (Vaults:3)
  14 dire elephants
  4 deep elf annihilators
  An eidolon (Crypt:3)
  2 bunyips (Swamp:4)
  A green death (Depths:2)
  An ettin (D:15)
  A crystal guardian (Vaults:2)
  5 deep elf death magi
  A quicksilver dragon zombie (Crypt:1)
  A great orb of eyes (Vaults:4)
  9 jiangshi
  A fire dragon (Depths:1)
  3 mummy priests
  6 yaktaur captains
  5 vault guards
  A rakshasa (Depths:2)
  A fenstrider witch zombie (Crypt:1)
  A caustic shrike simulacrum (Crypt:2)
  A salamander tyrant (Snake:4)
  4 peacekeepers
  2 spriggan skeletons
  2 quicksilver dragon skeletons
  2 ice dragons (Depths:1)
  6 naga warriors
  5 ironbound frosthearts
  4 ogre magi
  2 centaur warriors
  An anaconda (Snake:3)
  4 dancing weapons
  2 two-headed ogres (Vaults:4)
  3 death knights
  A tengu warrior (Depths:2)
  7 death scarabs (Tomb:1)
  3 deep troll shamans
  4 vampire magi
  A titan zombie (Tomb:1)
  2 hell hogs (Abyss:2)
  3 naga sharpshooters (Snake:4)
  2 soul eaters
  5 iron trolls (Depths:1)
  2 salamander mystics
  5 deep elf knights
  2 shadow wraiths (Crypt:3)
  23 skeletal warriors
  2 bunyip zombies
  27 deep trolls
  A sixfirhy (Depths:2)
  2 swamp dragons (Swamp:4)
  2 flayed ghosts
  2 large abominations (Abyss:2)
  7 deep elf archers
  A ghost moth zombie (Crypt:2)
  A glowing orange brain (Vaults:4)
  3 naga ritualists (Snake:4)
  A bog body (Swamp:4)
  9 wizards
  8 phantasmal warriors
  2 spriggan simulacra
  5 lindwurms
  2 iron giant skeletons (Crypt:1)
  5 necromancers
  10 ironbound convokers
  14 ugly things
  A manticore (shapeshifter) (Elf:1)
  An orc sorcerer (Elf:3)
  4 harpies (Vaults:1)
  A mana viper (WizLab)
  12 deep elf zephyrmancers
  A salamander (Snake:3)
  10 deep elf pyromancers
  A stone giant skeleton (Vaults:1)
  A worldbinder (Abyss:2)
  13 naga magi
  A guardian serpent (Snake:3)
  6 black mambas
  An apocalypse crab (Abyss:2)
  A dire elephant skeleton (Crypt:2)
  9 vault sentinels
  2 centaur skeletons
  13 yaktaurs
  An efreet (Abyss:2)
  An elf skeleton (Vaults:1)
  2 ice devils
  7 tengu conjurers
  An anaconda simulacrum (Crypt:1)
  A catoblepas skeleton (Crypt:2)
  5 freezing wraiths
  A purple draconian skeleton (Crypt:1)
  6 guardian mummies
  2 meliai (D:15)
  A hydra skeleton (Crypt:3)
  A harpy skeleton (Crypt:2)
  A blink frog (Lair:3)
  16 slime creatures
  4 air elementals (Elf:1)
  A guardian serpent skeleton (Crypt:2)
  6 flying skulls
  2 water elementals
  A black mamba zombie (Crypt:3)
  2 wraiths
  A fire bat (Abyss:2)
  A spriggan (Lair:5)
  12 nameless horrors
  2 ushabtiu (Tomb:1)
  A fire elemental (Elf:3)
  A slime creature zombie (Crypt:3)
  3 redbacks
  A two-headed ogre zombie (Crypt:3)
  3 harpy simulacra
  A swamp worm (Swamp:4)
  12 nagas
  An acid dragon (D:14)
  A swamp drake (Swamp:4)
  A faun skeleton (Crypt:2)
  An ogre (Vaults:4)
  3 boggarts (Vaults:1)
  A snapping turtle skeleton (Crypt:1)
  6 centaurs (D:15)
  A swamp dragon skeleton (Crypt:3)
  A kobold brigand (D:9)
  2 necrophages (Crypt:3)
  An earth elemental (Elf:1)
  A cyclops zombie (Crypt:1)
  A glowing shapeshifter simulacrum (Vaults:1)
  A quasit (Abyss:2)
  A naga zombie (Crypt:1)
  5 mummies
  An orc (D:9)
536 creatures vanquished.

Vanquished Creatures (collateral kills)
  A shard shrike zombie (Crypt:3)
  2 deep elf blademasters
  A lich (Crypt:3)
  4 ancient champions (Crypt:3)
  2 acid blobs (Lair:5)
  3 sphinxes
  Frances (D:14)
  Kirke (Snake:2)
  A tengu reaver (WizLab)
  2 thorn hunters
  A nagaraja (Snake:2)
  Roxanne (D:15)
  A frost giant (Depths:2)
  The ghost of sydd the Scorcher, an adept DgFE (Swamp:2)
  3 vault wardens
  An orc warlord (Vaults:1)
  Aizul (Snake:2)
  Louise (Snake:3)
  2 ironbound preservers (Vaults:2)
  5 very ugly things
  2 stone giants (Depths:1)
  A deep elf demonologist (Elf:3)
  3 ironbound thunderhulks
  A vampire knight (Crypt:1)
  3 eleionomae
  9 dire elephants
  2 entropy weavers
  Snorg (D:10)
  An eidolon (Crypt:3)
  A blizzard demon (Vaults:2)
  A deep elf death mage (Elf:3)
  2 ettins
  6 jiangshi
  A mummy priest (Crypt:3)
  Harold (D:10)
  7 yaktaur captains
  Fannar (Lair:2)
  2 great orbs of eyes
  2 deep elf high priests (Elf:3)
  An ice dragon (Depths:2)
  4 salamander tyrants
  A spriggan air mage (WizLab)
  2 ghost crabs
  3 ironbound frosthearts
  2 boulder beetles
  7 vault guards
  29 hydras
  An ogre mage (WizLab)
  4 anacondas
  5 centaur warriors
  A death knight (Crypt:1)
  11 two-headed ogres
  10 naga warriors
  31 dancing weapons
  9 alligators
  4 vampire magi
  3 death scarabs (Tomb:1)
  3 orc high priests
  Nergalle (Lair:2)
  2 spriggan berserkers (Swamp:4)
  2 hell hogs (Abyss:2)
  A wretched star (Abyss:2)
  11 deep elf knights
  7 naga sharpshooters
  A hell knight (WizLab)
  5 shock serpents
  A sixfirhy (Depths:2)
  An iron troll (Depths:1)
  An iron giant zombie (Crypt:2)
  3 salamander mystics
  18 skeletal warriors
  13 deep trolls
  8 goliath frogs
  A flayed ghost (Crypt:1)
  7 naga ritualists
  3 spriggan druids
  8 ironbound convokers
  9 swamp dragons
  6 bog bodies
  8 deep elf archers
  16 deep elf zephyrmancers
  A phantasmal warrior (Crypt:1)
  An anaconda skeleton (Crypt:1)
  A necromancer (Crypt:2)
  A wizard (D:11)
  A harpy (Vaults:1)
  16 deep elf pyromancers
  16 ugly things
  12 mana vipers
  3 orc sorcerers
  4 orc knights (Orc:2)
  8 cyclopes
  4 will-o-the-wisps
  4 manticores
  17 salamanders
  12 elephants
  Joseph (D:10)
  6 guardian serpents
  16 naga magi
  2 torpor snails
  34 black mambas
  13 cane toads
  7 vault sentinels
  5 rime drakes
  An unseen horror (D:10)
  2 efreet
  9 komodo dragons
  11 yaktaurs
  An ice devil (Depths:2)
  A rime drake (shapeshifter) (Elf:2)
  2 tengu conjurers (WizLab)
  A freezing wraith (Crypt:1)
  An ancient zyme (Abyss:2)
  2 trolls
  A sea snake skeleton (Crypt:2)
  An unseen horror skeleton (Crypt:2)
  12 guardian mummies
  3 polar bears (Lair:5)
  8 saltlings (Orc:2)
  4 tyrant leeches
  8 hornets
  20 blink frogs
  An alligator zombie (Crypt:3)
  A harpy skeleton (Crypt:3)
  9 slime creatures
  10 dream sheep
  A stone giant simulacrum (Vaults:1)
  5 flying skulls
  A jumping spider (Vaults:3)
  An ice dragon skeleton (Crypt:1)
  2 vampires (D:12)
  A dire elephant simulacrum (Tomb:1)
  10 wraiths
  19 spriggans
  3 water elementals
  3 shadows
  6 wyverns
  27 yaks
  A hog (shapeshifter) (Elf:1)
  7 hogs (Snake:2)
  A fire bat (Abyss:2)
  3 basilisks
  3 fire elementals
  A neqoxec (Abyss:2)
  A naga zombie (Crypt:2)
  2 steam dragons
  35 nagas
  4 wargs
  2 large abominations (Abyss:2)
  12 swamp worms
  A two-headed ogre zombie (Crypt:3)
  3 acid dragons
  9 water moccasins
  5 nameless horrors
  11 swamp drakes
  14 orc warriors
  A two-headed ogre skeleton (Crypt:3)
  5 black bears
  2 ice beasts
  A sky beast (D:7)
  8 ogres
  24 wolves
  7 boggarts
  6 centaurs
  A hog skeleton (Crypt:2)
  A phantom (D:6)
  2 kobold brigands
  2 scorpions
  9 bullfrogs
  2 gnoll sergeants
  A small abomination (Abyss:2)
  3 earth elementals (Elf:1)
  2 water moccasin zombies (D:5)
  8 wights
  Dowan (D:5)
  12 killer bees
  A shapeshifter skeleton (Crypt:2)
  A polar bear skeleton (Crypt:3)
  4 electric eels (Lair:3)
  5 howler monkeys
  3 lava snakes (Lair:3)
  A bullfrog zombie (D:5)
  3 jellies
  2 gnoll boudas
  A hound (D:6)
  13 orc priests
  15 orc wizards
  A hell rat (Lair:3)
  3 hound zombies (D:5)
  15 mummies
  33 gnolls
  A swamp drake zombie (Crypt:2)
  5 adders
  A shadow imp (D:6)
  A white imp (D:6)
  A lava snake zombie (Crypt:2)
  2 worms
  4 dart slugs
  75 orcs
  7 ball pythons
  An endoplasm (D:2)
  3 giant cockroaches
  7 goblins
  7 hobgoblins
  22 kobolds
  4 quokkas
  5 bats
  2 frilled lizards
  2 rats (D:3)
  A rat skeleton (Crypt:2)
  2 pillars of salt (Orc:2)
1186 creatures vanquished.

Vanquished Creatures (others)
  Donald (Swamp:1)
  An azure jelly (shapeshifter) (Depths:2)
  A quicksilver ooze (shapeshifter) (Depths:2)
  An eleionoma (shapeshifter) (Depths:2)
  5 hydras
  3 vault guards (D:14)
  A boulder beetle (D:12)
  A naga warrior (Snake:4)
  A two-headed ogre (D:11)
  A ghost crab (Swamp:1)
  2 alligators
  A centaur warrior (D:13)
  A radroach (shapeshifter) (Depths:2)
  A deep troll (shapeshifter) (Depths:2)
  A skeletal warrior (Crypt:3)
  A spriggan druid (Swamp:4)
  A deep troll (D:15)
  A naga ritualist (Snake:3)
  A spriggan simulacrum (Crypt:3)
  A harpy (shapeshifter) (Depths:2)
  A lindwurm (Lair:3)
  A deep elf pyromancer (D:14)
  2 orc knights
  A mana viper (shapeshifter) (Depths:2)
  A mana viper (Snake:2)
  A deep elf zephyrmancer (D:11)
  An ugly thing (D:14)
  A will-o-the-wisp (Swamp:4)
  2 cyclopes
  A guardian serpent (shapeshifter) (Depths:2)
  An elephant (shapeshifter) (Depths:2)
  2 elephants
  3 cane toads (Lair:3)
  A gargoyle (D:13)
  An unseen horror (shapeshifter) (Depths:2)
  2 komodo dragons (Lair:3)
  A freezing wraith (D:12)
  A queen bee (shapeshifter) (Depths:2)
  A troll (D:12)
  4 polar bears
  A meliai (D:14)
  2 polar bears (shapeshifter) (Depths:2)
  6 hornets
  A bloated husk (Swamp:1)
  A dream sheep (Lair:4)
  2 blink frogs
  A flying skull (Crypt:1)
  A guardian serpent skeleton (Crypt:3)
  6 spriggans
  A wyvern (D:10)
  12 yaks
  A hog (shapeshifter) (Depths:2)
  Duvessa (D:5)
  A water moccasin (Lair:5)
  A black bear (D:4)
  A floating eye zombie (Crypt:1)
  A boggart (Lair:5)
  3 wolves (Lair:5)
  Blork the orc (D:5)
  A bullfrog (Lair:3)
  2 gnoll sergeants
  3 wights (D:6)
  A killer bee (D:10)
  77 jellies
  An orc priest (Orc:2)
  3 mummies (Tomb:1)
  2 gnolls
  3 orcs
  A quokka skeleton (Crypt:1)
  10 briar patches
  A bush (D:10)
  A butterfly (D:10)
  12 foxfires
  44 fungi
  15 pillars of salt (Orc:2)
  57 plants
  2 starspawn tentacles (Abyss:2)
336 creatures vanquished.

Grand Total: 2058 creatures vanquished

Notes
Turn   | Place    | Note
-------+----------+-------------------------------------------
     0 | D:1      | Inkqbe the Felid Summoner began the quest for the Orb.
     0 | D:1      | Reached XP level 1. HP: 7/7 MP: 4/4
    30 | D:1      | Noticed a polar bear
    30 | D:1      | Noticed a five-headed hydra
    30 | D:1      | Noticed an iguana
    31 | D:1      | Noticed a black mamba
   383 | D:1      | Reached XP level 2. HP: 11/11 MP: 0/6
   386 | D:1      | Learned a level 2 spell: Call Imp
  1582 | D:2      | Reached XP level 3. HP: 14/14 MP: 1/8
  1682 | D:1      | Learned a level 3 spell: Call Canine Familiar
  2879 | D:2      | Reached XP level 4. HP: 18/18 MP: 1/9
  2952 | D:2      | Learned a level 3 spell: Summon Guardian Golem
  3279 | D:3      | Found an ancient bone altar of Kikubaaqudgha.
  3513 | D:3      | Reached skill level 5 in Summonings
  4416 | D:4      | Reached skill level 3 in Dodging
  4481 | D:4      | Found a snail-covered altar of Cheibriados.
  4535 | D:4      | Found a shadowy altar of Dithmenos.
  4537 | D:4      | You fall into a shaft and drop 3 floors!
  4665 | D:6      | Reached XP level 5. HP: 21/21 MP: 3/11
  4668 | D:6      | Reached skill level 1 in Fighting
  4670 | D:6      | Noticed an ogre
  4677 | D:5      | Entered Level 5 of the Dungeon
  4941 | D:4      | Found a bloodstained altar of Trog.
  4941 | D:4      | Noticed a black bear
  4941 | D:4      | Noticed a black bear
  5442 | D:4      | Found a staircase to the Ecumenical Temple.
  5452 | Temple   | Entered the Ecumenical Temple
  5523 | Temple   | Became a worshipper of Gozag Ym Sagoz the Greedy
  5727 | D:4      | Killed a black bear
  5728 | D:4      | Reached skill level 4 in Dodging
  5728 | D:4      | Gained mutation: You are covered in thick fur. (AC +2)
                  | [Felid growth]
  5728 | D:4      | Reached XP level 6. HP: 26/26 MP: 9/12
  6578 | D:5      | Reached XP level 7. HP: 30/30 MP: 3/14
  6663 | D:5      | Found a basalt altar of Yredelemnul.
  6848 | D:5      | Reached skill level 5 in Dodging
  7044 | D:5      | Noticed Blork the orc
  7068 | D:5      | Killed Blork the orc
  7378 | D:5      | Noticed Duvessa
  7378 | D:5      | Noticed Dowan
  7404 | D:5      | Killed Duvessa
  7543 | D:5      | Killed Dowan
  7551 | D:5      | Reached skill level 5 in Spellcasting
  7551 | D:5      | Reached XP level 8. HP: 17/36 MP: 9/16
  7709 | D:5      | Learned a level 4 spell: Summon Lightning Spire
  7856 | D:5      | Reached skill level 6 in Dodging
  7997 | D:5      | Reached skill level 1 in Air Magic
  8139 | D:5      | Found a stormy altar of Qazlal.
  8139 | D:5      | Found an ornate altar of the Wu Jian Council.
  8673 | D:6      | Reached skill level 7 in Dodging
  9080 | D:6      | Reached skill level 5 in Fighting
  9138 | D:6      | Reached XP level 9. HP: 35/40 MP: 7/18
  9987 | D:7      | Found Koclumou's Jewellery Shop.
 10001 | D:7      | Bought a +6 ring of intelligence for 468 gold pieces
 10072 | D:7      | Reached skill level 8 in Dodging
 10350 | D:7      | Found a burning altar of Makhleb.
 10543 | D:8      | Noticed a two-headed ogre
 10551 | D:8      | Killed a two-headed ogre
 10666 | D:8      | Identified the +0 plate armour "Carchocaud" {Rampage +Inv}
 11058 | D:8      | Reached XP level 10. HP: 46/46 MP: 13/21
 11317 | D:8      | Reached skill level 9 in Dodging
 12067 | D:9      | Noticed Erolcha
 12752 | D:9      | Reached skill level 5 in Air Magic
 12842 | D:9      | Found a hide-covered altar of Uskayaw.
 12925 | D:9      | Found a staircase to the Orcish Mines.
 13541 | D:9      | Found a hazy altar of Hepliaklqana.
 14022 | D:9      | Reached skill level 10 in Dodging
 14403 | D:10     | Entered Level 10 of the Dungeon
 14435 | D:10     | Noticed Snorg
 14449 | D:10     | Killed Snorg
 14458 | D:10     | Found a white marble altar of Elyvilon.
 14522 | D:10     | Found Elihig's Armour Emporium.
 14576 | D:10     | Reached XP level 11. HP: 40/51 MP: 8/23
 14673 | D:10     | Found a staircase to the Lair.
 14673 | D:10     | Found Fosodeicaant's Armour Emporium.
 14677 | D:10     | Noticed Joseph
 15332 | D:10     | Found a sacrificial altar of Ru.
 15370 | D:10     | Found Wahotar's General Store.
 15376 | D:10     | Bought a scroll of identify for 30 gold pieces
 15410 | D:10     | Found Afapopt's Magic Scroll Shoppe.
 15410 | D:10     | Noticed a two-headed ogre
 15428 | D:10     | Killed Joseph
 15435 | D:10     | Killed a two-headed ogre
 15546 | D:10     | Bought a scroll of acquirement for 832 gold pieces
 15546 | D:10     | Bought a scroll of blinking for 120 gold pieces
 15546 | D:10     | Acquired 516 gold pieces
 15567 | D:10     | Found a glowing golden altar of the Shining One.
 15603 | D:10     | Reached skill level 11 in Dodging
 15776 | D:10     | Found Cuazey's Armour Boutique.
 15969 | D:10     | Found a portal to a secret trove of treasure.
 16146 | D:10     | Found a shimmering blue altar of Sif Muna.
 16551 | Lair:1   | Entered Level 1 of the Lair of Beasts
 16611 | Lair:1   | Reached skill level 10 in Summonings
 17222 | Lair:1   | Noticed a seven-headed hydra
 17230 | Lair:1   | Killed a seven-headed hydra
 17231 | Lair:1   | Reached skill level 12 in Dodging
 18102 | Lair:2   | Noticed Nergalle
 18111 | Lair:2   | Killed Nergalle
 18112 | Lair:2   | Gained mutation: Your thick and shaggy fur keeps you warm.
                  | (AC +3, rC+) [Felid growth]
 18112 | Lair:2   | Reached XP level 12. HP: 24/57 MP: 19/26
 18576 | Lair:2   | Found a staircase to the Snake Pit.
 18637 | Lair:2   | Reached skill level 13 in Dodging
 18829 | Lair:2   | Noticed Fannar
 18842 | Lair:2   | Killed Fannar
 18843 | Lair:2   | Reached skill level 10 in Fighting
 19139 | Lair:2   | Reached skill level 10 in Spellcasting
 19447 | Lair:2   | Bought a scroll of identify for 30 gold pieces
 19447 | Lair:2   | Bought a scroll of teleportation for 45 gold pieces
 19447 | Lair:2   | Bought a scroll of identify for 30 gold pieces
 19563 | Lair:3   | Found a staircase to the Swamp.
 19951 | Lair:3   | Reached skill level 14 in Dodging
 20239 | Lair:3   | Noticed an eight-headed hydra
 20266 | Lair:3   | Killed an eight-headed hydra
 20798 | Lair:3   | Reached skill level 15 in Dodging
 21058 | Lair:3   | Noticed a seven-headed hydra
 21088 | Lair:3   | Killed a seven-headed hydra
 21089 | Lair:3   | Reached XP level 13. HP: 64/64 MP: 1/28
 22696 | Lair:3   | Reached skill level 16 in Dodging
 25028 | Lair:4   | Reached skill level 17 in Dodging
 25586 | Lair:5   | Entered Level 5 of the Lair of Beasts
 26252 | Lair:5   | Found a runed translucent door.
 26256 | Lair:5   | Found a viscous altar of Jiyva.
 26257 | Lair:5   | Found a staircase to the Slime Pits.
 26257 | Lair:5   | Noticed an acid blob
 26257 | Lair:5   | Noticed an acid blob
 26430 | Lair:5   | Reached skill level 18 in Dodging
 26430 | Lair:5   | Reached XP level 14. HP: 58/72 MP: 10/29
 28867 | Lair:5   | Bought a scroll of teleportation for 48 gold pieces
 28867 | Lair:5   | Bought a scroll of fear for 64 gold pieces
 28867 | Lair:5   | Bought a scroll of teleportation for 48 gold pieces
 28867 | Lair:5   | Bought a scroll of teleportation for 48 gold pieces
 29031 | Orc:1    | Entered Level 1 of the Orcish Mines
 29320 | Orc:1    | Found Voreco's Assorted Antiques.
 29336 | Orc:1    | Bought a scroll labelled ENIVEUFFOMMU for 23 gold pieces
 29448 | Orc:2    | Entered Level 2 of the Orcish Mines
 29605 | Orc:2    | Found a staircase to the Elven Halls.
 29626 | Orc:2    | Reached skill level 19 in Dodging
 29885 | Orc:2    | Reached skill level 15 in Fighting
 31698 | Orc:2    | Found Dusoigg's Book Boutique.
 31701 | Orc:2    | Found Ysaelibi's Armour Boutique.
 31721 | Orc:2    | Found Cuhuojaff's Assorted Antiques.
 31779 | Orc:2    | Found Wakik's Assorted Antiques.
 31785 | Orc:2    | Bought 3 scrolls of teleportation for 288 gold pieces
 32129 | Orc:2    | Bought a book of Burglary for 200 gold pieces
 32137 | Orc:2    | Learned a level 7 spell: Storm Form
 32143 | Orc:2    | Learned a level 5 spell: Manifold Assault
 32147 | Orc:2    | Learned a level 3 spell: Swiftness
 32150 | Orc:2    | Learned a level 2 spell: Blink
 32262 | D:11     | Noticed Harold
 32283 | D:10     | Killed Harold
 32284 | D:10     | Reached skill level 1 in Transmutations
 33023 | D:11     | Got the Tome of Dhcmrlchtdj
 33030 | D:11     | Got the Codex of Sand
 33046 | D:11     | Got Ruasuu's Incunable of Axaxaxas mlö
 33874 | D:12     | Identified the amulet of the Sybil {rN+ Regen+ Stlth+}
 34213 | D:12     | Reached XP level 15. HP: 77/77 MP: 15/30
 34860 | D:12     | Reached skill level 5 in Transmutations
 36900 | D:14     | Found a sacrificial altar of Ru.
 37322 | D:14     | Noticed Frances
 37510 | D:14     | Killed Frances
 37581 | D:14     | Found a snail-covered altar of Cheibriados.
 38167 | D:14     | Found a gate to the Vaults.
 39406 | D:15     | Entered Level 15 of the Dungeon
 39406 | D:15     | Found Det Rezuas's Book Emporium.
 39455 | D:15     | Found a faded altar of an unknown god.
 39493 | D:15     | Identified Roxanne's Enchiridion on Geology
 39493 | D:15     | Noticed Roxanne
 40538 | Swamp:1  | Entered Level 1 of the Swamp
 41401 | Swamp:1  | Noticed Donald
 41416 | Swamp:1  | Mangled by an alligator
 41417 | Swamp:1  | Reached XP level 14. HP: -8/73 MP: 19/29
 41443 | Swamp:1  | Killed Donald
 42410 | Swamp:1  | Learned a level 6 spell: Summon Cactus Giant
 43589 | Swamp:2  | Reached XP level 15. HP: 41/77 MP: 3/30
 43743 | Swamp:2  | Slain by an eight-headed hydra
 43744 | Swamp:2  | Reached XP level 14. HP: -5/73 MP: 29/29
 43812 | Swamp:2  | Noticed a thorn hunter
 44265 | Swamp:2  | Noticed sydd's ghost (adept DgFE)
 44298 | Swamp:2  | Reached skill level 10 in Transmutations
 44340 | Swamp:2  | Killed a thorn hunter
 44812 | Swamp:2  | Found a runed translucent door.
 45007 | Swamp:2  | Reached skill level 10 in Air Magic
 45653 | Swamp:2  | Killed sydd's ghost
 46326 | Snake:1  | Entered Level 1 of the Snake Pit
 48315 | Snake:2  | Noticed Aizul
 49408 | Snake:2  | Noticed Kirke
 49438 | Snake:2  | Noticed a sphinx
 49450 | Snake:2  | Killed Kirke
 49452 | Snake:2  | Killed Aizul
 50514 | Snake:2  | HP: 3/73 [naga sharpshooter/arrow (24)]
 51003 | Snake:2  | Identified the amulet "Ceos" {Spirit rElec rC++ Dex+4}
 51209 | Snake:2  | Found Lanued's Book Shop.
 51357 | Snake:2  | Noticed a nagaraja
 51374 | Snake:2  | Killed a nagaraja
 51375 | Snake:2  | Reached XP level 15. HP: 77/77 MP: 17/30
 54968 | Swamp:4  | Entered Level 4 of the Swamp
 56357 | Swamp:4  | Noticed a thorn hunter
 56368 | Swamp:4  | Killed a thorn hunter
 57537 | Swamp:4  | Reached XP level 16. HP: 64/81 MP: 11/31
 58228 | Swamp:4  | Got a decaying rune of Zot
 61112 | Snake:3  | Noticed Louise
 61830 | Snake:3  | Noticed Vashnia
 61868 | Snake:3  | Killed Louise
 61869 | Snake:3  | Reached skill level 1 in Translocations
 61969 | Snake:3  | Found a runed translucent door.
 62009 | Snake:3  | Reached skill level 1 in Unarmed Combat
 63509 | Snake:2  | Bought a book of Changes for 324 gold pieces
 64001 | Snake:3  | Learned a level 2 spell: Wereblood
 64558 | Snake:4  | Entered Level 4 of the Snake Pit
 65105 | Snake:4  | Reached skill level 5 in Translocations
 65772 | Snake:4  | Reached skill level 15 in Transmutations
 66812 | Snake:4  | Reached XP level 17. HP: 79/85 MP: 2/32
 68311 | Snake:4  | Reached skill level 5 in Unarmed Combat
 68594 | Snake:4  | Got a serpentine rune of Zot
 69139 | Orc:2    | Bought a potion of magic for 256 gold pieces
 69139 | Orc:2    | Bought a potion of cancellation for 256 gold pieces
 69170 | Orc:2    | Bought a potion of resistance for 270 gold pieces
 69221 | Elf:1    | Entered Level 1 of the Elven Halls
 69343 | Elf:1    | Found a radiant altar of Vehumet.
 70087 | Elf:1    | Paralysed by an air elemental for 1 turns
 71068 | Elf:1    | Found Ceyssel's Antique Weapon Shop.
 71147 | Elf:1    | Got the Enchiridion on Spelunking and Battling
 71675 | Elf:1    | Found a radiant altar of Vehumet.
 72888 | Elf:2    | Found Unwohaq's Antique Armour Emporium.
 73178 | Elf:2    | Found a runed translucent gate.
 73178 | Elf:2    | Found a runed translucent gate.
 73178 | Elf:2    | Found a runed translucent gate.
 73277 | Elf:2    | Reached skill level 10 in Translocations
 74009 | Elf:2    | Noticed a deep elf blademaster
 74024 | Elf:2    | Reached XP level 18. HP: 62/89 MP: 16/33
 75937 | Elf:3    | Entered Level 3 of the Elven Halls
 75961 | Elf:3    | Reached skill level 15 in Air Magic
 76130 | Elf:3    | Found an ancient bone altar of Kikubaaqudgha.
 76857 | Lair:1   | Bought the ring "Lonn" {Fire Drain rPois Will+++ rCorr} for
                  | 1027 gold pieces
 77510 | Abyss:2  | Cast into level 2 of the Abyss (a deep elf demonologist)
 77888 | Abyss:2  | Mangled by a skeletal warrior
 77889 | Abyss:2  | Reached XP level 17. HP: -7/127 MP: 29/32
 77893 | Elf:3    | Escaped the Abyss
 78508 | Elf:3    | Noticed a Hell Sentinel
 79219 | Elf:3    | Noticed a deep elf blademaster
 79222 | Elf:3    | Identified the +6 scale mail "Iryirph" {+Inv Int+3 Dex+5}
 79222 | Elf:3    | Noticed a deep elf master archer
 79222 | Elf:3    | Identified the +8 chain mail of Whack-A-Mole {Rampage Str-2
                  | Int+3 Dex+3}
 79222 | Elf:3    | Identified the ring of Upha Fia {Ice *Slow Str+3 Int+2
                  | Dex+6}
 79266 | Elf:3    | Killed a deep elf blademaster
 79730 | Elf:3    | Noticed a deep elf blademaster
 79754 | Elf:3    | Killed a deep elf blademaster
 79916 | Elf:3    | Killed a deep elf master archer
 80115 | Elf:3    | Identified the +7 short sword of the Scorpion {flame,
                  | Contam rF+ rCorr SInv}
 80820 | Elf:3    | Found Ugad Eka's Weapon Emporium.
 81369 | Elf:3    | Noticed a deep elf master archer
 81387 | Elf:3    | Killed a deep elf master archer
 81481 | Elf:3    | Got the Handbook of Telluric Frostbite
 81671 | Elf:3    | Bought the amulet "Fiucloij" {RegenMP rC+} for 484 gold
                  | pieces
 81916 | Elf:3    | Bought a manual of Unarmed Combat for 800 gold pieces
 81916 | Elf:3    | Bought a book of Beasts for 380 gold pieces
 82153 | Lair:5   | Bought a scroll of magic mapping for 120 gold pieces
 82153 | Lair:5   | Bought a scroll of magic mapping for 120 gold pieces
 82153 | Lair:5   | Bought a scroll of amnesia for 64 gold pieces
 82162 | Lair:5   | Learned a level 7 spell: Monstrous Menagerie
 83024 | D:15     | Reached skill level 10 in Unarmed Combat
 83121 | D:15     | Found Feecworitt's Weapon Boutique.
 83154 | D:15     | Found a staircase to the Depths.
 83203 | D:15     | Found Biang's Distillery.
 83208 | D:15     | Found Loapsuup's Armour Boutique.
 83299 | D:15     | Reached XP level 18. HP: 90/90 MP: 24/33
 83662 | D:15     | Killed Roxanne
 83925 | Vaults:1 | Entered Level 1 of the Vaults
 85089 | Vaults:1 | Identified the +11 morningstar of Butchery {vorpal, rN+
                  | Str+4 Dex-5}
 86918 | Vaults:2 | Found a magical portal.
 86923 | WizLab   | Entered Yara's Duelist Academy
 87334 | WizLab   | Noticed Zeitona
 87931 | WizLab   | HP: 3/90 [Zeitona the Head Instructor/+0 antimagic triple
                  | sword (19)]
 87931 | WizLab   | Mangled by Zeitona the Head Instructor
 87932 | WizLab   | Reached XP level 17. HP: -7/86 MP: 0/33
 88486 | Vaults:2 | Reached skill level 15 in Translocations
 88486 | Vaults:2 | Reached XP level 18. HP: 79/90 MP: 13/34
 89666 | Vaults:2 | Reached skill level 20 in Dodging
 91103 | Vaults:2 | Found a staircase to the Crypt.
 91103 | Vaults:2 | Found a basalt altar of Yredelemnul.
 91103 | Vaults:2 | Found an ancient bone altar of Kikubaaqudgha.
 91768 | Vaults:2 | Reached skill level 15 in Unarmed Combat
 92306 | Vaults:3 | Found Zorpha's Distillery.
 92314 | Vaults:3 | Bought a potion of heal wounds for 70 gold pieces
 94584 | Vaults:4 | Reached XP level 19. HP: 95/95 MP: 9/35
 95782 | Vaults:4 | Reached skill level 21 in Dodging
 96785 | Elf:3    | Bought Great Wizards, Vol. VII for 300 gold pieces
 96788 | Elf:3    | Bought the amulet of Eternal Night {RegenMP Will+} for 511
                  | gold pieces
 96802 | Elf:3    | Bought the ring of the Howling Gods {rN+ rCorr Dex+6} for
                  | 633 gold pieces
 96885 | Orc:2    | Bought the ring "Uroukh" {rF- rC+ rN++ Int+4 Dex+3} for 602
                  | gold pieces
 97182 | Lair:5   | Fell from the grace of Gozag
 97182 | Lair:5   | Became a worshipper of Jiyva Jeqiukox the Shapeless
 97501 | Crypt:1  | Entered Level 1 of the Crypt
 98191 | Slime:1  | Entered Level 1 of the Pits of Slime
 98228 | Slime:5  | Entered Level 5 of the Pits of Slime
 98357 | Slime:5  | Noticed the Royal Jelly
 98407 | Slime:5  | Found a viscous altar of Jiyva.
 99767 | Crypt:1  | Reached * piety under Jiyva
100526 | Crypt:2  | Identified the +1 ring mail of Atheism {rF+ rC- Dex+3}
100719 | Crypt:2  | Reached skill level 15 in Summonings
100884 | Crypt:2  | Reached XP level 20. HP: 64/100 MP: 29/36
101376 | Crypt:2  | Reached ** piety under Jiyva
101481 | Crypt:3  | Entered Level 3 of the Crypt
102052 | Crypt:3  | Found a basalt altar of Yredelemnul.
102052 | Crypt:3  | Found an ancient bone altar of Kikubaaqudgha.
102052 | Crypt:3  | Noticed a bone dragon
102058 | Crypt:3  | Noticed a profane servitor
102060 | Crypt:3  | Found the +9 sword of Zonguldrok {reap}
102249 | Crypt:3  | Reached *** piety under Jiyva
102639 | Crypt:3  | Identified the ring "Podo" {rElec rN+ Will+ Int+4}
102649 | Crypt:3  | Identified the ring "Xeriosij" {*Corrode rN+ Will- Int+5}
102865 | Crypt:3  | Killed a bone dragon
103269 | Crypt:3  | Identified the +0 great sword of Debt {drain, rElec rPois
                  | MP+9}
103440 | Crypt:3  | Found a staircase to the Tomb.
103545 | Crypt:3  | Learned a level 5 spell: Silence
103547 | Tomb:1   | Entered Level 1 of the Tomb of the Ancients
103547 | Tomb:1   | Gained mutation: Your melee attacks may engulf your foes in
                  | ooze. [Jiyva's grace]
103547 | Tomb:1   | Gained mutation: Your mind is acute. (Int +4, Str/Dex -1)
                  | [Jiyva's grace]
103547 | Tomb:1   | Gained mutation: Your mind is very acute. (Int +8, Str/Dex
                  | -2) [Jiyva's grace]
103547 | Tomb:1   | Gained mutation: You have an increased reservoir of magic.
                  | (+10% MP) [Jiyva's grace]
104002 | Tomb:1   | Reached **** piety under Jiyva
104326 | Depths:1 | Entered Level 1 of the Depths
104695 | Elf:3    | Bought the ring of Lesser Demons {rF+ AC+4 Int+5 Dex-4} for
                  | 885 gold pieces
105129 | Depths:1 | Reached XP level 21. HP: 106/106 MP: 22/42
105153 | Depths:1 | Found a one-way gate to the infinite horrors of the Abyss.
105163 | Depths:1 | Found a huge runed gate.
105163 | Depths:1 | Found a huge runed gate.
105163 | Depths:1 | Found a huge runed gate.
105163 | Depths:1 | Found a huge runed gate.
105163 | Depths:1 | Found a huge runed gate.
105163 | Depths:1 | Found a huge runed gate.
105218 | Depths:1 | Found a huge runed gate.
105218 | Depths:1 | Found a huge runed gate.
105219 | Depths:1 | Found a huge runed gate.
105223 | Depths:1 | Found a huge runed gate.
105224 | Depths:1 | Found a huge runed gate.
105266 | Depths:1 | Found a huge runed gate.
105266 | Depths:1 | Found a huge runed gate.
105266 | Depths:1 | Found a huge runed gate.
105268 | Depths:1 | Found a huge runed gate.
105490 | Depths:1 | Found a huge runed gate.
105491 | Depths:1 | Found a huge runed gate.
105492 | Depths:1 | Found a huge runed gate.
105493 | Depths:1 | Found a huge runed gate.
105495 | Depths:1 | Found a huge runed gate.
105496 | Depths:1 | Found a huge runed gate.
105500 | Depths:1 | Found a huge runed gate.
105501 | Depths:1 | Found a huge runed gate.
105502 | Depths:1 | Found a huge runed gate.
105509 | Depths:1 | Found a huge runed gate.
105517 | Depths:1 | Found a huge runed gate.
105517 | Depths:1 | Found a huge runed gate.
105517 | Depths:1 | Found a huge runed gate.
105517 | Depths:1 | Found a huge runed gate.
105517 | Depths:1 | Found a huge runed gate.
105517 | Depths:1 | Found a huge runed gate.
105518 | Depths:1 | Found a huge runed gate.
105519 | Depths:1 | Found a huge runed gate.
105520 | Depths:1 | Found a huge runed gate.
105563 | Depths:1 | Found a huge runed gate.
105563 | Depths:1 | Found a huge runed gate.
105578 | Depths:1 | Found a gateway to Hell.
106142 | Depths:2 | Found a one-way gate leading to the halls of Pandemonium.
106316 | Depths:2 | Noticed Mara
106333 | Depths:2 | Killed Mara
106401 | Depths:2 | Slain by a spriggan defender
106402 | Depths:2 | Reached XP level 20. HP: 0/103 MP: 7/41
106557 | Depths:2 | Noticed Vv
106972 | Depths:2 | Noticed Asterion
107253 | Depths:1 | Killed from afar by Vv
107254 | Depths:1 | Reached XP level 19. HP: -10/98 MP: 36/39
107294 | Depths:1 | HP: 4/98 [Vv/creeping frost (39)]
107295 | Depths:1 | Killed from afar by Vv

Illustrated notes

Levels and vault maps discovered:
D:1:      onia_arrival_zoo_common, layout_loops_ring,
          dreamdust_princess_corridor
D:2:      layout_basic, minmay_shallow_snake_nest
D:3:      layout_loops_ring, kiku_gazebo_pond_becter
D:4:      layout_basic, lemuel_tele_altar, amcnicky_altar_gilded,
          trog_ov_bears_minmay, minmay_temple_entry_stoned_glass
D:5:      layout_loops_corners, nicolae_yredelemnul_corpse_copse,
          gammafunk_temple_overflow_statue, uniq_blork_the_orc, uniq_duvessa
D:6:      layout_loops_cross
D:7:      layout_rooms, kennysheep_mini_moat, serial_shops,
          nicolae_shop_hallway_plus
D:8:      layout_loops_cross
D:9:      layout_irregular_city, nicolae_uskayaw_dance_hall,
          nzn_hepliaklqana_mist_gate, orc_0_dummy, dreamdust_mushroom_princess,
          uniq_erolcha
D:10:     layout_roguey, mainiacjoe_overflow_six_doors_small, led_sif_pool,
          mainiacjoe_overflow_small_starburst, nicolae_elyvilon_peaceful_grove,
          erik_lair_orcish_takeover, serial_shops, nicolae_shop_hallway_stairs,
          nicolae_shop_behind_doors, shop, nicolae_lakefront_shop,
          nicolae_shop_behind_doors, nicolae_trove_entry_path_of_doom,
          uniq_joseph, uniq_snorg
D:11:     layout_cave_pools, kennysheep_another_room,
          bh_hangedman_babel_library, uniq_harold
D:12:     nicolae_hexawheel, layout_irregular_city
D:13:     layout_loops_corners
D:14:     layout_loops_ring, erik_vaults_2, cheibriados_altar_1,
          nicolae_ru_great_annihilating_truth, uniq_frances
D:15:     hangedman_depths_entry_civil_slaughter, layout_cave_pools,
          serial_shops, nicolae_shop_temple_entry_statues_fountains,
          nicolae_shop_bloodbath_and_beyond, nicolae_shop_trees, shop,
          serial_park_square1 [serial_park_minivault_5x5_8],
          serial_column_ruins, column_ruins_temple_circle,
          column_ruins_square_large, column_ruins_open_tiny,
          column_ruins_grid_1, column_ruins_open_small, column_ruins_open_tiny,
          uniq_roxanne
Temple:   hellmonk_temple_two_chambers
Lair:1:   layout_long_grid
Lair:2:   layout_chaotic_city, guppyfry_snake_entry_island, uniq_nergalle,
          uniq_fannar
Lair:3:   nzn_winding_woodlands_large [nzn_winding_woodlands_5x5_three,
          nzn_winding_woodlands_5x15_zeroes, nzn_winding_woodlands_5x5_cross,
          nzn_winding_woodlands_center_pierced_h,
          nzn_winding_woodlands_15x15_eel_pit,
          nzn_winding_woodlands_center_garden,
          nzn_winding_woodlands_5x5_open_star,
          nzn_winding_woodlands_5x15_longhouse,
          nzn_winding_woodlands_hourglass], layout_misc_corridors,
          skrybe_swamp_entry_bodies, nicolae_lair_liquid_snakes
Lair:4:   layout_small_grid, serial_bayou_crossing, grunt_megastairs_1
Lair:5:   minmay_lair_end_enchanted_forest, layout_big_grid, slime_entry_2
Swamp:1:  layout_basic_swamp, portal_ice_cave_entry_pillars_three,
          serial_swamp_ruin, evilmike_swamp_ruin_house_4,
          evilmike_swamp_ruin_house_3, evilmike_swamp_ruin_house_6, swamp_pool4,
          uniq_donald
Swamp:2:  layout_falls_marsh, hellmonk_ghost_happy_afterlife,
          evilmike_swamp_ruin_wall, swamp_pool5, st_swamp_ruins_1,
          infiniplex_staircase_pool
Swamp:3:  layout_basic_swamp, evilmike_swamp_ruin_house_1
Swamp:4:  swamp_basic_johnstein, layout_basic_swamp
Snake:1:  layout_concentric_octagons, serial_bayou_shore_b
Snake:2:  layout_chambers, serial_shops, nicolae_take_the_stairs,
          nicolae_triple_integral, uniq_aizul, uniq_kirke
Snake:3:  cheibrodos_toxic_ritual, layout_layer_cave, st_stairs_11,
          nicolae_fountain_basement, uniq_vashnia, uniq_louise
Snake:4:  snake_pit, layout_chambers, lemuel_fruit_tree
Slime:1:  layout_caves
Slime:2:  layout_caves
Slime:3:  layout_caves
Slime:4:  layout_caves, nicolae_slime_barrier
Slime:5
Orc:1:    layout_caves, serial_shops, shop
Orc:2:    hellmonk_orc_salted, layout_caves, nicolae_orc_lost_temple
Elf:1:    eino_elf_arrival_altar, layout_geoelf_grid, basic_altar, serial_shops,
          shop, minivault_28, grunt_megastairs_4
Elf:2:    elven_hall_of_blades_hangedman_original
          [nicolae_blade_entry_hurt_lockers], layout_rooms, serial_shops,
          nicolae_shop_window_shopping
Elf:3:    elf_hall_gauntlet_wide, layout_gridlike, basic_altar, serial_shops,
          shop, minivault_16, grunt_megastairs_3
Vaults:1: dpeg_vaults_monster_row, grunt_vaults_hallway_long,
          hangedman_vaults_corner, ontoclasm_vaults_loading_screen,
          nicolae_vaults_little_squares_5, vaults_room_octagon,
          vaults_room_large_hall, hangedman_vaults_stitches,
          vaults_room_door_hall, nicolae_vaults_alarming,
          hangedman_vaults_variations, grunt_vaults_hallway_short,
          nicolae_vaults_know_your_exits, layout_vaults_omnibox
Vaults:2: infiniplex_enter_wizlab_spiral, nicolae_vaults_network_quincunx
          [nicolae_vaults_network_quincunx_subvault,
          nicolae_vaults_network_quincunx_subvault,
          nicolae_vaults_network_quincunx_subvault,
          nicolae_vaults_network_quincunx_subvault,
          nicolae_vaults_network_quincunx_subvault],
          minmay_crypt_entry_necro_gods, grunt_vaults_twisty,
          grunt_vaults_funnel, vaults_dpeg_encased_lava, v_misc_30,
          vaults_standard_mumra_x, nicolae_vaults_ring_of_whatevers,
          layout_vaults_omnigrid
Vaults:3: v_misc_1, ontoclasm_vaults_misaligned, v_misc_18, grunt_vaults_focal,
          v_rooms_5, ontoclasm_vaults_hangar, v_misc_24,
          ontoclasm_vaults_loading_screen, nicolae_vaults_back_hallway,
          nicolae_vaults_sealed_display, vaults_room_fours, v_misc_13,
          hangedman_vaults_snaps, ontoclasm_vaults_gateway, layout_vaults_ring,
          serial_shops, nicolae_shop_stone
Vaults:4: nicolae_vaults_lopsided_apartments, v_misc_29,
          hangedman_vaults_stagger, v_misc_5, nicolae_vaults_triangles,
          nicolae_vaults_network_square, nicolae_vaults_rhombus_7,
          nicolae_vaults_circle_grid_a, vaults_room_grunt_arrival_ludios,
          layout_vaults_big_cross
Crypt:1:  layout_chaotic_city, columned_hall_lemuel, grunt_crypt_arrival_split
Crypt:2:  layout_misc_corridors
Crypt:3:  lightli_unholy_cathedral, layout_chaotic_city,
          nicolae_tomb_entry_grand_gallery
Tomb:1
Depths:1: layout_gridlike, hangedman_decor_push, abyss_entry_crystal,
          hangedman_coc_ice_floe, door_vault
Depths:2: vault_1, layout_basic, enter_ziggurat_a, serial_corexii_hall,
          corexii_hall_statues_x, corexii_hall_statues_i,
          chequers_hall_statues_wall_a, corexii_hall_statues_i,
          rand_demon_pan_entry_4, hell_entry, hangedman_abyss_or_decor_slice,
          kennysheep_generic_room_4, infiniplex_staircase_river, uniq_vv,
          uniq_mara, uniq_asterion, uniq_enchantress, uniq_sojobo

Skill      XL: |  1  2  3  4  5  6  7  8  9 10 11 12 13 14 15 16 17 18 19 20 |
---------------+-------------------------------------------------------------+-----
Spellcasting   | 3 4 5 6 7 9 10 11 12 | 12.4
Summonings     | 5 6 7 8 9 10 12 14 15 | 15.8
Dodging        | 3 4 5 7 8 10 12 15 18 19 20 21 | 21.0
Fighting       | 1 2 3 5 6 7 9 11 14 15 16 17 18 | 18.5
Air Magic      | 2 4 5 10 12 13 14 16 | 16.3
Transmutations | 11 13 15 16 | 16.4
Translocations | 5 15 14 17 | 17.2
Unarmed Combat | 4 13 16 17 18 | 18.5
Stealth        | |  2.6

Action                   |  1- 3 |  4- 6 |  7- 9 | 10-12 | 13-15 | 16-18 | 19-21 || total
-------------------------+-------+-------+-------+-------+-------+-------+-------++-------
Melee: Unarmed           |     1 |     6 |     2 |    14 |    34 |  1076 |   708 ||  1841
       Bite              |       |     1 |     1 |     3 |       |     1 |       ||     6
       Punch             |       |       |       |       |       |    92 |    80 ||   172
 Cast: Summon Small Mamm |    53 |    44 |     5 |       |       |       |       ||   102
       Call Imp          |    24 |    28 |    16 |    10 |    63 |       |       ||   141
       Call Canine Famil |       |    17 |    42 |    64 |   230 |    67 |       ||   420
       Summon Guardian G |       |     5 |    19 |    38 |   182 |     7 |       ||   251
       Summon Lightning  |       |       |    17 |   106 |   349 |   145 |    10 ||   627
       Summon Cactus Gia |       |       |       |       |   117 |   219 |    38 ||   374
       Swiftness         |       |       |       |       |     8 |     3 |       ||    11
       Blink             |       |       |       |       |     5 |     5 |     5 ||    15
       Storm Form        |       |       |       |       |     7 |   183 |    69 ||   259
       Manifold Assault  |       |       |       |       |       |    70 |   107 ||   177
       Wereblood         |       |       |       |       |       |     4 |     2 ||     6
       Monstrous Menager |       |       |       |       |       |    81 |   157 ||   238
       Silence           |       |       |       |       |       |       |     2 ||     2
Invok: Call Merchant     |       |       |       |     2 |     2 |     2 |     2 ||     8
       Potion Petition   |       |       |       |       |       |     5 |       ||     5
 Abil: Blinkbolt         |       |       |       |       |       |    20 |    24 ||    44
Evoke: Phantom mirror    |       |       |       |       |       |       |     1 ||     1
  Use: Scroll            |     6 |     5 |     4 |    10 |    30 |    15 |     9 ||    79
       Potion            |       |     1 |       |       |    14 |     8 |     3 ||    26
 Stab: Distracted        |       |       |       |       |     2 |    15 |    17 ||    34
       Sleeping          |       |       |       |       |       |     3 |     2 ||     5
Armor: Skin              |       |     2 |     2 |     2 |    10 |   116 |    64 ||   196
Dodge: Dodged            |    14 |    19 |    11 |    80 |   496 |  1413 |   711 ||  2744
